| TOP OF THE 1ST |
|
Greeneville Astros batting - Pitching for Elizabethton Twins : RHP Jason Waite
|
|
Pitching: RHP Jason Waite
|
|
|
Batting: LHB Guadalupe Gonzalez
|
0-0: DOUBLE (Groundball, 3L, EV 103.1 MPH)
|
|
Batting: RHB Fernando Acosta
|
0-0: Ground out 6-3 (Groundball, 6M, EV 90.0 MPH) Guadalupe Gonzalez to third
|
|
Batting: LHB Ryan Fridley
|
0-0: Swinging Strike 0-1: Swinging Strike 0-2: Foul Ball, location: 2F 0-2: Ball 1-2: Strikes out swinging
|
|
Batting: RHB Jamie Walker
|
0-0: Called Strike 0-1: Swinging Strike 0-2: Foul Ball, location: 2F 0-2: Foul Ball, location: 2F 0-2: Foul Ball, location: 2F 0-2: Ball 1-2: Fly out, F8 (Flyball, 8RS, EV 79.4 MPH)
|
| Top of the 1st over - 0 runs, 1 hit, 0 errors, 1 left on base; Greeneville 0 - Elizabethton 0 |
| BOTTOM OF THE 1ST |
|
Elizabethton Twins batting - Pitching for Greeneville Astros : LHP Guadalupe Gonzalez
|
|
Pitching: LHP Guadalupe Gonzalez
|
|
|
Batting: RHB David McDonald
|
0-0: Foul Ball, location: 2F 0-1: Ball 1-1: Ball 2-1: Foul Ball, location: 2F 2-2: Strikes out swinging
|
|
Batting: RHB Nestor Moreno
|
0-0: Foul Ball, location: 2F 0-1: Ball 1-1: Swinging Strike 1-2: Ball 2-2: Foul Ball, location: 2F 2-2: Strikes out looking
|
|
Batting: RHB Ryan Starks
|
0-0: Called Strike 0-1: Fly out, F4 (Popup, 4D, EV 58.1 MPH)
|
| Bottom of the 1st over - 0 runs, 0 hits, 0 errors, 0 left on base; Greeneville 0 - Elizabethton 0 |
| TOP OF THE 2ND |
|
Greeneville Astros batting - Pitching for Elizabethton Twins : RHP Jason Waite
|
|
Batting: LHB Bert Middleton
|
0-0: Foul Ball, location: 2F 0-1: Hit by Pitch
|
|
Batting: RHB Tim Williams
|
0-0: Ball 1-0: Ball 2-0: Reached on error, E2 (Groundball, 2L, EV 61.2 MPH) Bert Middleton to second
|
|
Batting: RHB Josh Reisner
|
0-0: DOUBLE (Line Drive, 7LM, EV 96.2 MPH) Bert Middleton scores Tim Williams to third
|
|
Batting: RHB Mike Brisbin
|
0-0: Foul Ball, location: 2F 0-1: Foul Ball, location: 2F 0-2: Foul Ball, location: 2F 0-2: Ball 1-2: Strikes out swinging
|
|
Batting: RHB Kenny Beall
|
0-0: Ball 1-0: Called Strike 1-1: Foul Ball, location: 2F 1-2: Ball 2-2: Ball 3-2: Strikes out looking
|
|
Batting: LHB Guadalupe Gonzalez
|
0-0: Foul Ball, location: 2F 0-1: Foul Ball, location: 2F 0-2: Foul Ball, location: 2F 0-2: Ball 1-2: Fly out, F8 (Flyball, 8LD, EV 102.5 MPH)
|
| Top of the 2nd over - 1 run, 1 hit, 1 error, 2 left on base; Greeneville 1 - Elizabethton 0 |
| BOTTOM OF THE 2ND |
|
Elizabethton Twins batting - Pitching for Greeneville Astros : LHP Guadalupe Gonzalez
|
|
Batting: LHB Ryuuichi Shintani
|
0-0: Ball 1-0: Ball 2-0: Called Strike 2-1: Called Strike 2-2: Ball 3-2: Foul Ball, location: 2F 3-2: Fly out, F7 (Flyball, 7, EV 88.1 MPH)
|
|
Batting: RHB Hisao Takei
|
0-0: Called Strike 0-1: Hit by Pitch
|
|
Batting: RHB Ned Scovell
|
0-0: Ball Wild Pitch! Hisao Takei to second 1-0: Called Strike 1-1: Ball 2-1: Ground out 5-3 (Groundball, 56S, EV 64.4 MPH) Hisao Takei to third
|
|
Batting: RHB Calvin Day
|
0-0: DOUBLE (Flyball, 78XD, EV 109.4 MPH) Hisao Takei scores
|
|
Batting: RHB Braydon Garland
|
0-0: Ball 1-0: Ball 2-0: Ball 3-0: Called Strike 3-1: Foul Ball, location: 2F 3-2: Foul Ball, location: 2F 3-2: Strikes out swinging
|
| Bottom of the 2nd over - 1 run, 1 hit, 0 errors, 1 left on base; Greeneville 1 - Elizabethton 1 |
| TOP OF THE 3RD |
|
Greeneville Astros batting - Pitching for Elizabethton Twins : RHP Jason Waite
|
|
Batting: RHB Fernando Acosta
|
0-0: Ball 1-0: Ground out U3 (Groundball, 3, EV 103.8 MPH)
|
|
Batting: LHB Ryan Fridley
|
0-0: Called Strike 0-1: Swinging Strike 0-2: Foul Ball, location: 2F 0-2: Strikes out looking
|
|
Batting: RHB Jamie Walker
|
0-0: Called Strike 0-1: Ground out 1-3 (Groundball, 13S, EV 72.5 MPH)
|
| Top of the 3rd over - 0 runs, 0 hits, 0 errors, 0 left on base; Greeneville 1 - Elizabethton 1 |
| BOTTOM OF THE 3RD |
|
Elizabethton Twins batting - Pitching for Greeneville Astros : LHP Guadalupe Gonzalez
|
|
Batting: LHB Joey Zamora
|
0-0: Ball 1-0: Called Strike 1-1: Foul Ball, location: 2F 1-2: Ball 2-2: Strikes out swinging
|
|
Batting: RHB David McDonald
|
0-0: Foul Ball, location: 2F 0-1: Ball 1-1: Ball 2-1: Foul Ball, location: 2F 2-2: Ball 3-2: SINGLE (Flyball, 8LS, EV 100.0 MPH)
|
|
Batting: RHB Nestor Moreno
|
0-0: Ball 1-0: 2-RUN HOME RUN (Flyball, 78XD, EV 103.8 MPH), Distance : 402 ft
|
|
Batting: RHB Ryan Starks
|
0-0: Ball 1-0: Foul Ball, location: 2F 1-1: Ball 2-1: Fly out, F4 (Popup, 34S, EV 68.8 MPH)
|
|
Batting: LHB Ryuuichi Shintani
|
0-0: Swinging Strike 0-1: Ball 1-1: Fly out, F7 (Flyball, 7D, EV 95.6 MPH)
|
| Bottom of the 3rd over - 2 runs, 2 hits, 0 errors, 0 left on base; Greeneville 1 - Elizabethton 3 |
| TOP OF THE 4TH |
|
Greeneville Astros batting - Pitching for Elizabethton Twins : RHP Jason Waite
|
|
Batting: LHB Bert Middleton
|
0-0: Called Strike 0-1: Swinging Strike 0-2: Strikes out swinging
|
|
Batting: RHB Tim Williams
|
0-0: Called Strike 0-1: Fly out, F8 (Flyball, 89M, EV 93.8 MPH)
|
|
Batting: RHB Josh Reisner
|
0-0: Foul Ball, location: 2F 0-1: Ground out 3-1 (Groundball, 34, EV 108.8 MPH)
|
| Top of the 4th over - 0 runs, 0 hits, 0 errors, 0 left on base; Greeneville 1 - Elizabethton 3 |
| BOTTOM OF THE 4TH |
|
Elizabethton Twins batting - Pitching for Greeneville Astros : LHP Guadalupe Gonzalez
|
|
Batting: RHB Hisao Takei
|
0-0: Ball 1-0: Ball 2-0: Ball 3-0: Called Strike 3-1: Base on Balls
|
|
Batting: RHB Ned Scovell
|
0-0: Called Strike 0-1: Swinging Strike 0-2: SINGLE (Line Drive, 56D, EV 100.6 MPH) Hisao Takei to second
|
|
Batting: RHB Calvin Day
|
0-0: Called Strike 0-1: Ball 1-1: Foul Ball, location: 2F 1-2: Strikes out looking
|
|
Batting: RHB Braydon Garland
|
0-0: Ball 1-0: Ball 2-0: Called Strike 2-1: Foul Ball, location: 2F 2-2: Strikes out looking
|
|
Batting: LHB Joey Zamora
|
0-0: Swinging Strike 0-1: Ball 1-1: Called Strike 1-2: Strikes out swinging
|
| Bottom of the 4th over - 0 runs, 1 hit, 0 errors, 2 left on base; Greeneville 1 - Elizabethton 3 |
| TOP OF THE 5TH |
|
Greeneville Astros batting - Pitching for Elizabethton Twins : RHP Jason Waite
|
|
Batting: RHB Mike Brisbin
|
0-0: Ball 1-0: Called Strike 1-1: Ball 2-1: Foul Ball, location: 2F 2-2: Foul Ball, location: 2F 2-2: Ball 3-2: Base on Balls
|
|
Batting: RHB Kenny Beall
|
0-0: Fly out, F7 (Flyball, 7D, EV 91.2 MPH)
|
|
Batting: LHB Guadalupe Gonzalez
|
0-0: Ball 1-0: Called Strike 1-1: Swinging Strike 1-2: Foul Ball, location: 2F 1-2: Ball 2-2: Fielders Choice at 2nd, U6 (Groundball, 4M, EV 103.8 MPH)
|
|
Batting: RHB Fernando Acosta
|
0-0: Ball Guadalupe Gonzalez steals 2nd base 1-0: Ball 2-0: Ball 3-0: Called Strike 3-1: Fly out, F7 (Line Drive, 7, EV 88.8 MPH)
|
| Top of the 5th over - 0 runs, 0 hits, 0 errors, 1 left on base; Greeneville 1 - Elizabethton 3 |
| BOTTOM OF THE 5TH |
|
Elizabethton Twins batting - Pitching for Greeneville Astros : LHP Guadalupe Gonzalez
|
|
Batting: RHB David McDonald
|
0-0: Ball 1-0: Called Strike 1-1: Ball 2-1: Ball 3-1: Foul Ball, location: 2F 3-2: Base on Balls
|
|
Pitching: RHP Marty Jackson
|
|
|
Batting: RHB Nestor Moreno
|
0-0: Called Strike 0-1: Fly out, F9 (Flyball, 9S, EV 82.5 MPH)
|
|
Batting: RHB Ryan Starks
|
0-0: Ball 1-0: Called Strike 1-1: Ball 2-1: Ball 3-1: Fly out, F9 (Flyball, 9LS, EV 85.0 MPH)
|
|
Batting: LHB Ryuuichi Shintani
|
0-0: Ball 1-0: 2-RUN HOME RUN (Flyball, 89XD, EV 111.2 MPH), Distance : 423 ft
|
|
Batting: RHB Hisao Takei
|
0-0: Fly out, F7 (Flyball, 7S, EV 92.5 MPH)
|
| Bottom of the 5th over - 2 runs, 1 hit, 0 errors, 0 left on base; Greeneville 1 - Elizabethton 5 |
| TOP OF THE 6TH |
|
Greeneville Astros batting - Pitching for Elizabethton Twins : RHP Jason Waite
|
|
Batting: LHB Ryan Fridley
|
0-0: Called Strike 0-1: Called Strike 0-2: Ground out 5-3 (Groundball, 5, EV 99.4 MPH)
|
|
Batting: RHB Jamie Walker
|
0-0: Ball 1-0: SINGLE (Flyball, 89S, EV 91.2 MPH)
|
|
Batting: LHB Bert Middleton
|
0-0: Swinging Strike 0-1: Ball 1-1: Ball 2-1: SINGLE (Groundball, 56D, EV 95.0 MPH) Jamie Walker to second
|
|
Batting: RHB Tim Williams
|
0-0: Ball 1-0: Grounds into double play, 6-4-3 (Groundball, 6, EV 85.0 MPH)
|
| Top of the 6th over - 0 runs, 2 hits, 0 errors, 1 left on base; Greeneville 1 - Elizabethton 5 |
| BOTTOM OF THE 6TH |
|
Elizabethton Twins batting - Pitching for Greeneville Astros : RHP Marty Jackson
|
|
Batting: RHB Ned Scovell
|
0-0: Ball 1-0: Called Strike 1-1: Foul Ball, location: 2F 1-2: Strikes out looking
|
|
Batting: RHB Calvin Day
|
0-0: Called Strike 0-1: Ball 1-1: Ball 2-1: Ball 3-1: Base on Balls
|
|
Batting: RHB Braydon Garland
|
0-0: Called Strike 0-1: Foul Ball, location: 2F 0-2: Ball 1-2: Strikes out swinging
|
|
Batting: LHB Joey Zamora
|
0-0: Called Strike 0-1: Ground out U3 (Groundball, 3, EV 87.5 MPH)
|
| Bottom of the 6th over - 0 runs, 0 hits, 0 errors, 1 left on base; Greeneville 1 - Elizabethton 5 |
| TOP OF THE 7TH |
|
Greeneville Astros batting - Pitching for Elizabethton Twins : RHP Jason Waite
|
|
Pitching: RHP Takeru Inoue
|
|
|
Now at 3B: Antonio Santos
|
|
|
Batting: RHB Josh Reisner
|
0-0: Called Strike 0-1: Ball 1-1: Ball 2-1: Ball 3-1: Base on Balls
|
|
Batting: RHB Mike Brisbin
|
0-0: Ball 1-0: Ball 2-0: Ball 3-0: Foul Ball, location: 2F 3-1: Base on Balls Josh Reisner to second
|
|
Batting: RHB Kenny Beall
|
0-0: Called Strike 0-1: Foul Ball, location: 2F 0-2: Grounds into double play, 6-4-3 (Groundball, 6, EV 88.1 MPH) Josh Reisner to third
|
|
Batting: LHB Guadalupe Gonzalez
|
0-0: Ball 1-0: Fly out, F7 (Flyball, 78S, EV 90.6 MPH)
|
| Top of the 7th over - 0 runs, 0 hits, 0 errors, 1 left on base; Greeneville 1 - Elizabethton 5 |
| BOTTOM OF THE 7TH |
|
Elizabethton Twins batting - Pitching for Greeneville Astros : RHP Marty Jackson
|
|
Batting: RHB David McDonald
|
0-0: Ball 1-0: Called Strike 1-1: Ground out U3 (Groundball, 34, EV 109.4 MPH)
|
|
Batting: RHB Nestor Moreno
|
0-0: Called Strike 0-1: Ball 1-1: Called Strike 1-2: Ball 2-2: Strikes out swinging
|
|
Batting: RHB Ryan Starks
|
0-0: Called Strike 0-1: Called Strike 0-2: Foul Ball, location: 2F 0-2: Foul Ball, location: 2F 0-2: Strikes out swinging
|
| Bottom of the 7th over - 0 runs, 0 hits, 0 errors, 0 left on base; Greeneville 1 - Elizabethton 5 |
| TOP OF THE 8TH |
|
Greeneville Astros batting - Pitching for Elizabethton Twins : RHP Takeru Inoue
|
|
Batting: RHB Fernando Acosta
|
0-0: Ball 1-0: Swinging Strike 1-1: Foul Ball, location: 2F 1-2: Strikes out swinging
|
|
Batting: LHB Ryan Fridley
|
0-0: Called Strike 0-1: Foul Ball, location: 2F 0-2: Ball 1-2: Foul Ball, location: 2F 1-2: Ball 2-2: Ball 3-2: Strikes out looking
|
|
Batting: RHB Jamie Walker
|
0-0: Called Strike 0-1: Ball 1-1: Ball 2-1: Ball 3-1: Called Strike 3-2: Strikes out looking
|
| Top of the 8th over - 0 runs, 0 hits, 0 errors, 0 left on base; Greeneville 1 - Elizabethton 5 |
| BOTTOM OF THE 8TH |
|
Elizabethton Twins batting - Pitching for Greeneville Astros : RHP Marty Jackson
|
|
Batting: LHB Ryuuichi Shintani
|
0-0: Ball 1-0: Ball 2-0: Ball 3-0: Called Strike 3-1: Base on Balls
|
|
Pitching: LHP Kimmo-Mikka Koistinen
|
|
|
Batting: RHB Hisao Takei
|
0-0: Ball 1-0: Ball 2-0: Ball 3-0: Called Strike 3-1: Base on Balls Ryuuichi Shintani to second
|
|
Batting: RHB Ned Scovell
|
0-0: Sac Bunt to 25 - play at first, batter safe! Ryuuichi Shintani to third Hisao Takei to second
|
|
Batting: RHB Antonio Santos
|
0-0: Called Strike 0-1: Fielders Choice at 2nd, 6-4 (Groundball, 6, EV 110.0 MPH) Ryuuichi Shintani scores Hisao Takei to third
|
|
Batting: RHB Braydon Garland
|
0-0: Ground out 4-3 (Groundball, 34, EV 85.6 MPH) Hisao Takei scores Antonio Santos to second
|
|
Batting: LHB Joey Zamora
|
0-0: Called Strike 0-1: Foul Ball, location: 2F 0-2: Ball 1-2: Foul Ball, location: 2F 1-2: Strikes out looking
|
| Bottom of the 8th over - 2 runs, 1 hit, 0 errors, 1 left on base; Greeneville 1 - Elizabethton 7 |
| TOP OF THE 9TH |
|
Greeneville Astros batting - Pitching for Elizabethton Twins : RHP Takeru Inoue
|
|
Batting: LHB Bert Middleton
|
0-0: Ball 1-0: Foul Ball, location: 2F 1-1: SINGLE (Line Drive, 6D, EV 111.9 MPH)
|
|
Pitching: RHP Ron Didkowsky
|
|
|
Pinch Hitting: LHB Josh Glass
|
0-0: Foul Ball, location: 2F 0-1: Ball 1-1: Ball 2-1: Foul Ball, location: 2F 2-2: Foul Ball, location: 2F 2-2: Ball 3-2: SINGLE (Popup, 6MD, EV 50.6 MPH) Bert Middleton to second
|
|
Batting: RHB Josh Reisner
|
0-0: Ball 1-0: Fly out, F3 (Popup, 3SF, EV 67.5 MPH)
|
|
Pinch Hitting: LHB Bob Neale
|
0-0: Ball 1-0: Ball 2-0: Called Strike 2-1: Foul Ball, location: 2F 2-2: Strikes out swinging
|
|
Pinch Hitting: RHB Daniel Gladkowski
|
0-0: Called Strike 0-1: Foul Ball, location: 2F 0-2: Ball 1-2: Strikes out swinging
|
| Top of the 9th over - 0 runs, 2 hits, 0 errors, 2 left on base; Greeneville 1 - Elizabethton 7 |
|